 Dungeon Crawl Stone Soup version 0.31.0-11-ge490571c62 (webtiles) character file.

Game seed: 14781803092967843045

92876 BobJudy the Warrior (level 15, -1/155 HPs)
             Began as a Minotaur Monk on Feb 5, 2024.
             Was the Champion of Okawaru.
             Killed by divine providence
             ... invoked by Saint Roka
              (10 damage)
             ... on level 2 of the Orcish Mines.
             The game lasted 00:24:31 (23960 turns).

BobJudy the Warrior (Minotaur Monk)                Turns: 23960, Time: 00:24:31

Health: -1/155     AC: 23    Str: 31    XL:     15   Next: 59%
Magic:  13/14      EV: 21    Int:  6    God:    Okawaru [******]
Gold:   1762       SH:  5    Dex: 13    Spells: 14/14 levels left

rFire   . . .        G - +5 war axe of Embarrassment {freeze, rCorr Str+5 Stlth-}
rCold   . . .        d - orb {light}
rNeg    . . .        D - +6 scale mail {rPois}
rPois   +            (helmet unavailable)
rElec   .            U - +0 cloak {Stlth+}
rCorr   +            E - +3 pair of gauntlets of War {Slay+5}
SInv    .            o - +0 pair of boots
Will    +....        u - amulet of reflection
Stlth   +            B - ring of resist corrosion
HPRegen 0.45/turn    (no ring)
MPRegen 0.14/turn

%: reflection, clarity
@: heroic, glowing
A: horns 3, retaliatory headbutt, clarity, strong 1, inability to read after
injury 1
a: Renounce Religion, Heroism, Finesse, Duel


You were on level 2 of the Orcish Mines.
You worshipped Okawaru.
Okawaru was exalted by your worship.
You visited 4 branches of the dungeon, and saw 23 of its levels.

You collected 1762 gold pieces.

Inventory:

Hand Weapons
 j - a +2 broad axe of protection
 q - a +3 flail
 G - the +5 war axe of Embarrassment (weapon) {freeze, rCorr Str+5 Stlth-}
   (You found it on level 5 of the Dungeon)

   Str+5:     It affects your strength (+5).
   rCorr:     It protects you from acid and corrosion.
   Stlth-:    It makes you less stealthy.
Missiles
 b - 5 atropa-tipped darts
 i - 22 boomerangs (quivered)
 k - 9 javelins
 t - 11 curare-tipped darts
 w - 60 poisoned darts
 y - 2 silver javelins
 P - 4 darts of dispersal
Armour
 d - an orb of light (worn)
 o - a +0 pair of boots (worn)
 D - a +6 scale mail of poison resistance (worn)
 E - the +3 pair of gauntlets of War (worn) {Slay+5}
   (Okawaru gifted it to you on level 12 of the Dungeon)

   Slay+5:    It affects your accuracy & damage with ranged weapons and melee
   (+5).
 U - a +0 cloak of stealth (worn)
Jewellery
 f - a ring of ice
 l - a ring of magical power
 u - an amulet of reflection (around neck)
 B - a ring of resist corrosion (left hand)
 F - an amulet of magic regeneration
 X - an amulet of the acrobat
Wands
 m - a wand of mindburst (25)
 z - a wand of quicksilver (16)
 C - a wand of polymorph (7)
 I - a wand of roots (9)
 K - a wand of flame (87)
Scrolls
 a - a scroll of poison
 g - 6 scrolls of teleportation
 h - 2 scrolls of fog
 v - 6 scrolls of vulnerability
 N - a scroll of silence
 O - a scroll of torment
 Q - a scroll of identify
 S - a scroll of revelation
 W - a scroll of immolation
Potions
 c - a potion of ambrosia
 e - 6 potions of brilliance
 p - 4 potions of curing
 r - 2 potions of invisibility
 s - 4 potions of enlightenment
 x - 3 potions of attraction
 A - a potion of resistance
 J - 2 potions of berserk rage
 L - a potion of magic
 M - 3 potions of might
 R - 4 potions of haste {unknown}
 T - 4 potions of heal wounds {unknown}
 Y - 4 potions of cancellation {unknown}
Miscellaneous
 H - a tin of tremorstones (2/2)
 V - a phial of floods


   Skills:
 - Level 20.0(25.0) Fighting
 - Level 16.0(21.0) Axes
 * Level 8.0(13.0) Armour
 + Level 19.1(24.1) Dodging


You had 14 spell levels left.
You didn't know any spells.
Your spell library contained the following spells:

 Spells                   Type           Power      Damage    Failure   Level
 Sandblast                Erth           0%         2d4       63%         1
 Sting                    Conj/Alch      0%         1d3       63%         1
 Cigotuvi's Dreadful Rot  Necr/Alch/Air  0%         N/A       77%         2
 Jinxbite                 Hex            0%         N/A       77%         2
 Mercury Vapours          Alch/Air       0%         N/A       77%         2
 Inner Flame              Hex/Fire       0%         N/A       94%         3
 Passwall                 Erth           0%         N/A       94%         3
 Stone Arrow              Conj/Erth      0%         3d7       94%         3
 Anguish                  Hex/Necr       0%         N/A       100%        4
 Brom's Barrelling Bould  Conj/Erth      0%         2d3       100%        4
 Cause Fear               Hex            0%         N/A       100%        4
 Fulminant Prism          Conj/Alch      0%         3d5       100%        4
 Ignite Poison            Fire/Alch      0%         N/A       100%        4
 Olgreb's Toxic Radiance  Alch           0%         N/A       100%        4
 Sticky Flame             Fire/Alch      0%         2d4       100%        4
 Freezing Cloud           Conj/Ice/Air   0%         6-21      100%        5
 Iskenderun's Battlesphe  Conj           0%         2d6       100%        5
 Yara's Violent Unravell  Hex/Alch       0%         3d3       100%        5
 Bombard                  Conj/Erth      0%         9d1       100%        6
 Enfeeble                 Hex            0%         N/A       100%        7
 Spellforged Servitor     Conj/Summ      Unusable   N/A       N/A         7

Dungeon Overview and Level Annotations

Branches:
Dungeon (15/15)            Temple (1/1) D:4            Lair (5/5) D:9
 Shoals (0/4) Lair:3        Snake (0/4) Lair:3        Slime (0/5) Lair:5
    Orc (2/2) D:10            Elf (0/3) Orc:2        Vaults (0/5) D:13
 Depths (0/4) D:15

Altars:
Ashenzari
Cheibriados
Dithmenos
Elyvilon
Fedhas
Gozag
Hepliaklqana
Kikubaaqudgha
Makhleb
Nemelex Xobeh
Okawaru
Qazlal
Ru
Sif Muna
Trog
Uskayaw
Vehumet
Wu Jian
Xom
Yredelemnul
Zin
The Shining One
Jiyva
Lugonu

Shops:
D:2 *   D:4 (   D:6 ([(?   D:7 ?   D:10 (

Portals:
Abyss: Lair:5

Annotations:
Lair:3 1 runed translucent door, jasper's ghost, journeyman AtFi
Orc:2 Saint Roka


Innate Abilities, Weirdness & Mutations

You have a pair of large horns on your head.
You reflexively headbutt those who attack you in melee.
You possess an exceptional clarity of mind.
Your muscles are strong. (Str +4, Int/Dex -1)
You occasionally lose the ability to read scrolls when taking damage.


Message History

You hit Saint Roka. You freeze Saint Roka. You headbutt Saint Roka.
Saint Roka is moderately wounded.
You slash the orc priest! You freeze the orc priest.
You kill the orc priest!
Okawaru accepts your kill.
The orc priest calls upon Beogh to heal Saint Roka.
Saint Roka is healed somewhat.
Saint Roka calls down the wrath of Beogh upon you.
Beogh smites you!
An orc comes into view. It is wielding a +0 short sword.
You slash Saint Roka! You freeze Saint Roka.
Saint Roka is heavily wounded.
Saint Roka calls down the wrath of Beogh upon you.
Beogh smites you!
* * * LOW HITPOINT WARNING * * *
Unknown command.
You hit Saint Roka. You freeze Saint Roka. You headbutt Saint Roka.
Saint Roka is heavily wounded.
Unknown command.
You slash Saint Roka! You freeze Saint Roka.
Saint Roka is heavily wounded.
The orc priest no longer looks unusually strong.
Saint Roka roars a battlecry!
The orc priest goes into a battle-frenzy!
Unknown command.
You slice Saint Roka!! You freeze Saint Roka.
Saint Roka is severely wounded.
Saint Roka hits you with a +1 war axe of electrocution!
* * * LOW HITPOINT WARNING * * *
You are electrocuted!!
* * * LOW HITPOINT WARNING * * *
Unknown command.
You slice Saint Roka!! You freeze Saint Roka. You headbutt Saint Roka!!
Saint Roka is almost dead.
The orc priest calls upon Beogh to heal Saint Roka.
Saint Roka is healed somewhat.
Saint Roka invokes the aid of Beogh against you.
Beogh smites you!
You die...
Saint Roka roars, "Praise to Beogh!"

.........##
..........#
..........###
............#
........$.##
#.o.......####
#o))........#
#.o@.........
##............
##.............
..##...........#
$..............#
..........$..^##
..........#.###
..........###
...........#


You could see Saint Roka, an orc priest (strong) and an orc (strong).

Vanquished Creatures
  Donald (Orc:2)
  Azrael (Orc:2)
  Snorg (D:12)
  A fire dragon (D:15)
  2 hydras (Lair:4)
  A vault guard (D:13)
  A rakshasa (D:15)
  An ogre mage (D:14)
  5 boulder beetles
  2 centaur warriors (D:13)
  A dancing weapon (D:13)
  A tengu warrior (D:15)
  8 two-headed ogres
  Urug (D:12)
  10 death yaks
  Sonja (Lair:2)
  4 thrashing horrors (Lair:5)
  3 skeletal warriors (D:15)
  5 skysharks
  A necromancer (D:15)
  3 deep elf pyromancers
  4 orc knights
  A wolf spider zombie (D:15)
  A harpy (shapeshifter) (D:15)
  Maurice (Orc:2)
  7 cyclopes
  A deep elf zephyrmancer (D:15)
  2 wolf spiders (Lair:4)
  3 manticores
  3 ugly things
  A large abomination (Lair:5)
  A centaur zombie (D:15)
  3 smoke demons (Lair:5)
  9 black mambas
  20 slime creatures
  12 elephants
  A centaur skeleton (D:15)
  9 cane toads
  3 gargoyles
  2 torpor snails
  2 rime drakes
  An unseen horror zombie (D:7)
  2 unseen horrors
  4 tengu conjurers (D:15)
  An unseen horror (shapeshifter) (Lair:5)
  An efreet (D:14)
  11 komodo dragons
  5 polar bears
  22 blink frogs
  A hornet (D:9)
  10 trolls
  2 raiju (Lair:5)
  A centaur simulacrum (D:14)
  A dream sheep (Lair:4)
  45 yaks
  2 spriggans (Lair:5)
  4 wyverns
  A ynoxinul (Lair:5)
  2 fire elementals (Orc:2)
  A wraith (D:11)
  4 wargs (Orc:2)
  4 basilisks
  4 steam dragons
  15 vampire mosquitoes
  A chaos spawn (Lair:5)
  4 hell hounds (Orc:2)
  An acid dragon (D:9)
  19 water moccasins
  14 orc warriors
  3 black bears
  A sky beast (D:7)
  3 ice beasts
  2 laughing skulls (D:14)
  3 ogres
  8 wolves
  5 centaurs
  2 kobold brigands
  10 bullfrogs
  3 necrophages (D:7)
  2 wyvern zombies (D:7)
  3 scorpions
  9 small abominations (Lair:5)
  8 wights
  The ghost of mkat the Slasher, a weakling NaRe (D:3)
  26 killer bees
  2 howler monkeys (D:7)
  2 bombardier beetles (D:4)
  3 hounds
  2 jellies
  7 orc priests
  2 sleepcaps
  A hound (shapeshifter) (D:15)
  Natasha (thrice) (D:4)
  17 orc wizards
  4 iguanas
  A howler monkey zombie (D:7)
  7 adders
  6 gnolls
  A shadow imp (D:5)
  2 white imps
  2 ufetubi (D:5)
  5 dart slugs
  A ribbon worm (D:2)
  57 orcs
  10 endoplasms
  3 giant cockroaches
  17 goblins
  7 hobgoblins
  10 jackals
  3 quokkas
  6 ball pythons
  6 bats
  A frilled lizard (D:1)
  19 kobolds
  6 rats
  A spectral orc (D:7)
626 creatures vanquished.

Notes
Turn   | Place    | Note
-------+----------+-------------------------------------------
     0 | D:1      | BobJudy the Minotaur Monk began the quest for the Orb.
     0 | D:1      | Reached XP level 1. HP: 19/19 MP: 0/0
    48 | D:1      | Found a faded altar of an unknown god.
   104 | D:1      | Reached XP level 2. HP: 27/27 MP: 1/1
   397 | D:1      | Reached skill level 4 in Fighting
   435 | D:1      | Reached XP level 3. HP: 33/33 MP: 2/2
   864 | D:2      | Found Esabeuv's General Store.
  1453 | D:2      | Reached XP level 4. HP: 40/40 MP: 3/3
  1461 | D:2      | Reached skill level 5 in Axes
  1540 | D:2      | Got the Tome of the Salamander and Transmutation
  1895 | D:3      | Found a white marble altar of Elyvilon.
  2015 | D:3      | Found a runed translucent gate.
  2016 | D:3      | Found a runed translucent gate.
  2017 | D:3      | Found a runed translucent gate.
  2019 | D:3      | Noticed mkat's ghost (weakling NaRe)
  2033 | D:3      | Killed mkat's ghost
  2034 | D:3      | Reached XP level 5. HP: 31/47 MP: 4/4
  2764 | D:4      | Found a staircase to the Ecumenical Temple.
  2771 | Temple   | Entered the Ecumenical Temple
  2776 | Temple   | Became a worshipper of Warmaster Okawaru
  2776 | Temple   | Reached * piety under Okawaru
  2776 | Temple   | Reached ** piety under Okawaru
  2902 | D:4      | Reached skill level 5 in Fighting
  2953 | D:4      | Found Eruim Legg's Antique Weapon Shop.
  3097 | D:4      | Noticed a black bear
  3107 | D:4      | Killed a black bear
  3108 | D:4      | Reached XP level 6. HP: 15/56 MP: 5/5
  3421 | D:4      | Found a sparkling altar of Nemelex Xobeh.
  3460 | D:4      | Noticed Natasha
  3471 | D:4      | Killed Natasha
  3472 | D:4      | Reached skill level 5 in Dodging
  3623 | D:4      | Noticed Natasha
  3632 | D:4      | Killed Natasha
  3735 | D:4      | Noticed Natasha
  3741 | D:4      | Killed Natasha
  4015 | D:5      | Entered Level 5 of the Dungeon
  4078 | D:5      | Reached XP level 7. HP: 61/62 MP: 6/6
  4298 | D:5      | Identified the +5 war axe of Embarrassment {freeze, rCorr
                  | Str+5 Stlth-}
  4522 | D:5      | Reached skill level 6 in Fighting
  4768 | D:6      | Found Vogg's Antique Weapon Shop.
  4782 | D:6      | Reached *** piety under Okawaru
  4872 | D:6      | Found Linast's Antique Armour Boutique.
  4879 | D:6      | Reached XP level 8. HP: 71/71 MP: 7/7
  4901 | D:6      | Found Lafrots's Antique Weapon Boutique.
  5018 | D:6      | Found Konlofyv's Antique Armour Shop.
  5169 | D:6      | Found Haoref's Magic Scroll Shop.
  5225 | D:6      | Reached skill level 7 in Fighting
  5739 | D:7      | Reached **** piety under Okawaru
  5808 | D:7      | Reached skill level 10 in Axes
  5899 | D:7      | Reached XP level 9. HP: 72/81 MP: 8/8
  5933 | D:7      | Reached skill level 8 in Fighting
  5968 | D:7      | Found a hazy altar of Hepliaklqana.
  5991 | D:7      | Found Senim's Magic Scroll Boutique.
  6060 | D:7      | Reached ***** piety under Okawaru
  6190 | D:7      | Found a blossoming altar of Fedhas.
  6681 | D:8      | Reached skill level 9 in Fighting
  6838 | D:8      | Reached XP level 10. HP: 60/91 MP: 9/9
  7374 | D:9      | Found a staircase to the Lair.
  7465 | D:9      | Received a gift from Okawaru
  7892 | D:9      | Reached skill level 10 in Fighting
  8659 | D:10     | Entered Level 10 of the Dungeon
  8738 | D:10     | Found Yvytol's Weapon Shop.
  8739 | D:10     | Found a staircase to the Orcish Mines.
  8740 | D:10     | Noticed an orc knight
  8760 | D:10     | Killed an orc knight
  8877 | D:10     | Received a gift from Okawaru
  9006 | D:10     | Gained mutation: Potions are less effective at restoring
                  | your health. [potion of mutation]
  9006 | D:10     | Gained mutation: Your mind is acute. (Int +4, Str/Dex -1)
                  | [potion of mutation]
  9006 | D:10     | Gained mutation: You are frail. (-10% HP) [potion of
                  | mutation]
  9082 | D:10     | Reached XP level 11. HP: 90/90 MP: 10/10
  9085 | D:10     | Reached skill level 10 in Dodging
  9124 | D:10     | Identified the staff "Yrhorun" {Fire Ice Earth}
  9162 | D:10     | Reached skill level 11 in Fighting
  9586 | D:11     | Reached skill level 15 in Axes
 10138 | D:11     | Noticed a two-headed ogre
 10144 | D:11     | Killed a two-headed ogre
 10220 | D:11     | Noticed a two-headed ogre
 10234 | D:11     | Killed a two-headed ogre
 10237 | D:11     | Received a gift from Okawaru
 10942 | D:12     | Reached skill level 12 in Fighting
 11299 | D:12     | Reached ****** piety under Okawaru
 11345 | D:12     | Acquired a +0 heavy broad axe
 11345 | D:12     | Received a gift from Okawaru
 11347 | D:12     | Acquired the +3 pair of gauntlets of War {Slay+5}
 11347 | D:12     | Received a gift from Okawaru
 11347 | D:12     | Found the +3 pair of gauntlets of War {Slay+5}
 11364 | D:12     | Noticed Snorg
 11367 | D:12     | Received a gift from Okawaru
 11381 | D:12     | Killed Snorg
 11382 | D:12     | Reached XP level 12. HP: 26/101 MP: 11/11
 11386 | D:12     | Reached skill level 13 in Fighting
 11796 | D:12     | Noticed Urug
 11807 | D:12     | Killed Urug
 12070 | D:12     | Received a gift from Okawaru
 12508 | Lair:1   | Entered Level 1 of the Lair of Beasts
 12652 | Lair:1   | Reached skill level 14 in Fighting
 13221 | Lair:1   | Reached skill level 15 in Fighting
 13615 | Lair:2   | Received a gift from Okawaru
 13627 | Lair:2   | Noticed Sonja
 13634 | Lair:2   | Killed Sonja
 14006 | Lair:2   | Reached XP level 13. HP: 104/114 MP: 12/12
 14296 | Lair:2   | Received a gift from Okawaru
 15059 | Lair:3   | Reached skill level 16 in Fighting
 15134 | Lair:3   | Found a staircase to the Snake Pit.
 15414 | Lair:3   | Reached skill level 15 in Dodging
 15420 | Lair:3   | Received a gift from Okawaru
 15586 | Lair:3   | Found a staircase to the Shoals.
 15867 | Lair:3   | Found a runed translucent door.
 15868 | Lair:3   | Noticed jasper's ghost (journeyman AtFi)
 16545 | Lair:4   | Received a gift from Okawaru
 16612 | Lair:4   | Reached skill level 17 in Fighting
 16889 | Lair:4   | Received a gift from Okawaru
 17546 | Lair:5   | Entered Level 5 of the Lair of Beasts
 17561 | Lair:5   | Reached XP level 14. HP: 105/126 MP: 13/13
 17795 | Lair:5   | Received a gift from Okawaru
 17800 | Lair:5   | Reached skill level 18 in Fighting
 18097 | Lair:5   | Received a gift from Okawaru
 18225 | Lair:5   | Found a staircase to the Slime Pits.
 18225 | Lair:5   | Found a viscous altar of Jiyva.
 19044 | Lair:5   | Reached skill level 19 in Fighting
 19063 | Lair:5   | Received a gift from Okawaru
 19296 | Lair:5   | Found a corrupted altar of Lugonu.
 19296 | Lair:5   | Found a one-way gate to the infinite horrors of the Abyss.
 20492 | D:13     | Found a gate to the Vaults.
 20510 | D:13     | Received a gift from Okawaru
 21303 | D:14     | Reached XP level 15. HP: 139/139 MP: 14/14
 21416 | D:14     | Reached skill level 20 in Fighting
 21665 | D:15     | Entered Level 15 of the Dungeon
 21675 | D:15     | Reached skill level 1 in Armour
 21755 | D:15     | Received a gift from Okawaru
 22995 | D:15     | Reached skill level 5 in Armour
 23003 | D:15     | Lost mutation: Your mind is acute. (Int +4, Str/Dex -1)
                  | [potion of mutation]
 23003 | D:15     | Lost mutation: Potions are less effective at restoring your
                  | health. [potion of mutation]
 23003 | D:15     | Lost mutation: You are frail. (-10% HP) [potion of
                  | mutation]
 23003 | D:15     | Gained mutation: You are somewhat resistant to further
                  | mutation. [potion of mutation]
 23003 | D:15     | Gained mutation: Your mind is acute. (Int +4, Str/Dex -1)
                  | [potion of mutation]
 23004 | D:15     | Lost mutation: You are somewhat resistant to further
                  | mutation. [potion of mutation]
 23004 | D:15     | Lost mutation: Your mind is acute. (Int +4, Str/Dex -1)
                  | [potion of mutation]
 23004 | D:15     | Gained mutation: You have a pair of large horns on your
                  | head. [potion of mutation]
 23005 | D:15     | Lost mutation: You have a pair of large horns on your head.
                  | [potion of mutation]
 23005 | D:15     | Gained mutation: Your health recovers twice as slowly from
                  | being drained. [potion of mutation]
 23005 | D:15     | Gained mutation: Your body sometimes deteriorates upon
                  | taking damage. [potion of mutation]
 23005 | D:15     | Gained mutation: Your spells are a little harder to cast,
                  | but a little more powerful. [potion of mutation]
 23006 | D:15     | Lost mutation: Your spells are a little harder to cast, but
                  | a little more powerful. [potion of mutation]
 23006 | D:15     | Lost mutation: Your body sometimes deteriorates upon taking
                  | damage. [potion of mutation]
 23006 | D:15     | Lost mutation: Your health recovers twice as slowly from
                  | being drained. [potion of mutation]
 23006 | D:15     | Gained mutation: Your spells are a little harder to cast,
                  | but a little more powerful. [potion of mutation]
 23006 | D:15     | Gained mutation: You are strong-willed. (Will+) [potion of
                  | mutation]
 23183 | D:15     | Found a staircase to the Depths.
 23188 | D:15     | Lost mutation: Your spells are a little harder to cast, but
                  | a little more powerful. [potion of mutation]
 23188 | D:15     | Lost mutation: You are strong-willed. (Will+) [potion of
                  | mutation]
 23188 | D:15     | Gained mutation: You possess an exceptional clarity of
                  | mind. [potion of mutation]
 23188 | D:15     | Gained mutation: You have a pair of large horns on your
                  | head. [potion of mutation]
 23188 | D:15     | Gained mutation: You occasionally lose the ability to read
                  | scrolls when taking damage. [potion of mutation]
 23188 | D:15     | Gained mutation: Your muscles are strong. (Str +4, Int/Dex
                  | -1) [potion of mutation]
 23320 | Orc:1    | Entered Level 1 of the Orcish Mines
 23359 | Orc:1    | Received a gift from Okawaru
 23643 | Orc:2    | Entered Level 2 of the Orcish Mines
 23672 | Orc:2    | Found a staircase to the Elven Halls.
 23754 | Orc:2    | Noticed Maurice
 23758 | Orc:2    | Killed Maurice
 23772 | Orc:2    | Noticed Azrael
 23777 | Orc:2    | Noticed Donald
 23782 | Orc:2    | Killed Azrael
 23792 | Orc:2    | Killed Donald
 23941 | Orc:2    | Noticed Saint Roka
 23960 | Orc:2    | Killed from afar by Saint Roka

Illustrated notes

Levels and vault maps discovered:
D:1:      sevenhm_arrival_forest_fort_large_2, layout_loops_ring,
          hellmonk_ecumenical_altar_dog_temple, dreamdust_wishing_well
D:2:      layout_basic, serial_shops, nicolae_shop_peninsula,
          grunt_ministairs_7, minmay_liquid_box
D:3:      layout_rooms, mainiacjoe_overflow_small_starburst,
          ebering_ghost_rock_garden, serial_bayou_crossing
D:4:      layout_basic, nemelex_dance_club_becter, minmay_temple_entry_mist,
          serial_shops, nicolae_take_the_stairs, uniq_natasha
D:5:      layout_loops_ring
D:6:      layout_loops_ring, serial_shops, shop_statue, nicolae_shop_rolled_up,
          shop_fountains, shop, nicolae_shop_pleasant_corner_grove,
          nicolae_kite_square_tiling_tiny
D:7:      layout_rooms, nicolae_hepliaklqana_monster_ancestors,
          fedhas_altar_decomposition, serial_shops, nicolae_shop_tiny_waterfront
D:8:      layout_basic
D:9:      layout_basic, lair_entry_dummy, kennysheep_small_spiral
D:10:     layout_loops_ring, orc_david_3
D:11:     layout_long_grid
D:12:     layout_cave_pods, uniq_snorg, uniq_urug
D:13:     layout_big_octagon, erik_vaults_1
D:14:     layout_loops_ring, serial_bayou_pond_d
D:15:     grunt_enter_depths_magical_seal, layout_long_grid, nrook_uturn,
          hangedman_glass_teeth
Temple:   dpeg_three_leaves_temple
Lair:1:   layout_regular_city, pdpol_lair_neglected_garden, serial_bayou_shore_b
Lair:2:   layout_gridlike, grunt_megastairs_5, uniq_sonja
Lair:3:   layout_roguey, elwin_shoals_entry_rocks,
          minmay_snake_entry_six_corridors, ebering_ghost_inner_flame
Lair:4:   nzn_winding_woodlands_medium [nzn_winding_woodlands_5x5_cross,
          nzn_winding_woodlands_5x15_zeroes, nzn_winding_woodlands_hourglass,
          nzn_winding_woodlands_5x5_open_star,
          nzn_winding_woodlands_center_triple_pond,
          nzn_winding_woodlands_5x5_perimeter,
          nzn_winding_woodlands_5x5_default, nzn_winding_woodlands_5x15_cabin,
          nzn_winding_woodlands_5x5_closed_star], layout_gridlike,
          nicolae_lair_run_with_the_wolves
Lair:5:   hellmonk_lair_end_abyssal_woods, layout_cave_shapes, slime_entry_1,
          grunt_megastairs_4
Orc:1:    layout_caves
Orc:2:    st_orc_ogre_mass, layout_diamond_mine, nicolae_orc_stony_grotto,
          mines2_david, uniq_donald, uniq_maurice, uniq_saint_roka, uniq_azrael,
          uniq_rupert

Skill      XL: |  1  2  3  4  5  6  7  8  9 10 11 12 13 14 15 |
---------------+----------------------------------------------+-----
Axes           | 4 5 6 7 8 10 12 14 16 | 16.0
Fighting       | 4 5 6 7 9 10 12 15 17 19 20 | 20.0
Dodging        | 4 5 6 7 8 9 11 14 16 18 19 | 19.1
Armour         | 8 |  8.0

Action                     |  1- 3 |  4- 6 |  7- 9 | 10-12 | 13-15 || total
---------------------------+-------+-------+-------+-------+-------++-------
  Melee: Hand axe          |    70 |   146 |     7 |       |       ||   223
         Headbutt          |    16 |    32 |    30 |   103 |   185 ||   366
         War axe           |       |       |   137 |   366 |   600 ||  1103
 Invoke: Heroism           |       |       |       |     4 |     2 ||     6
         Finesse           |       |       |       |     2 |     1 ||     3
         Receive Weapon    |       |       |       |     1 |       ||     1
         Receive Armour    |       |       |       |     1 |       ||     1
    Use: Scroll            |       |       |    19 |     8 |    11 ||    38
         Potion            |       |       |       |     4 |     5 ||     9
 Armour: Robe              |    31 |    72 |       |       |       ||   103
         Scale mail        |       |     7 |    82 |   254 |   419 ||   762
  Dodge: Dodged            |    43 |   100 |    76 |   234 |   426 ||   879
